 Dungeon Crawl Stone Soup version 0.31-a0-23-gcbde74481b (webtiles) character file.

Game seed: 13004807421571260970

28 dracfodder the Ogre Mage (level 3, 0/30 (31) HPs)
             Began as an Ogre Hedge Wizard on May 13, 2023.
             Succumbed to an adder's poison
             ... on level 2 of the Dungeon.
             The game lasted 00:11:09 (1392 turns).

dracfodder the Ogre Mage (Ogre Hedge Wizard)        Turns: 1392, Time: 00:11:09

HP:   0/30 (31)     AC:  3    Str: 14    XL:     3   Next: 12%
MP:   5/8           EV:  9    Int: 17    God:
Gold: 66            SH:  0    Dex:  8    Spells: 2/10 levels left

rFire   . . .        k - +0 halberd
rCold   . . .        (shield currently unavailable)
rNeg    . . .        b - +0 robe
rPois   .            c - +0 hat
rElec   .            g - scarf {repulsion}
rCorr   .            (gloves unavailable)
SInv    .            (boots unavailable)
Will    .....        (no amulet)
Stlth   +            (no ring)
HPRegen 0.25/turn    (no ring)
MPRegen 0.11/turn

%: repel missiles, clarity
@: brilliant, lethally poisoned (0 -> -5), lightly drained
A: large, unfitting armour, tough skin 1, clarity, wild magic 1
a: no special abilities


You were on level 2 of the Dungeon.
You visited 1 branch of the dungeon, and saw 2 of its levels.

You collected 66 gold pieces.

Inventory:

Hand Weapons
 k - a +0 halberd (weapon)
Armour
 b - a +0 robe (worn)
 c - a +0 hat (worn)
 g - a scarf of repulsion (worn)
Scrolls
 a - a scroll of blinking {unknown}
 e - a scroll of vulnerability {unknown}
 h - 3 scrolls of identify {unknown}
 i - a scroll of summoning {unknown}
 j - 2 scrolls of magic mapping {unknown}
 m - a scroll of teleportation {unknown}
 n - a scroll of enchant armour {unknown}
Potions
 d - 2 potions of magic


   Skills:
 + Level 0.2 Polearms
 + Level 2.1 Dodging
 + Level 1.4 Stealth
 + Level 4.4 Spellcasting
 * Level 1.0 Conjurations
 * Level 0.8 Summonings
 * Level 1.0 Translocations
 * Level 0.2 Air Magic


You had 2 spell levels left.
You knew the following spells:

 Your Spells              Type           Power      Damage    Failure   Level
a - Magic Dart            Conj           56%        1d5       14%         1
b - Slow                  Hex            28%        N/A       21%         1
c - Call Imp              Summ           24%        N/A       22%         2
d - Blink                 Tloc           26%        N/A       22%         2
e - Cigotuvi's Dreadful   Necr/Pois/Air  14%        N/A       30%         2

Your spell library contained the following spells:

 Spells                   Type           Power      Damage    Failure   Level
 Summon Small Mammal      Summ           48%        N/A       16%         1
 Call Canine Familiar     Summ           12%        N/A       41%         3
 Mephitic Cloud           Conj/Pois/Air  10%        N/A       45%         3
 Summon Guardian Golem    Hex/Summ       10%        N/A       45%         3


Dungeon Overview and Level Annotations

Branches:
Dungeon (2/15)

Altars:


Innate Abilities, Weirdness & Mutations

You are too large for most types of armour.
You have tough skin. (AC +1)
You possess an exceptional clarity of mind.
Your spells are a little harder to cast, but a little more powerful.


Message History

Anything else - Cancel.
Gang up on whom?
Press: ? - help, Dir - move target, f - adder, p - goblin
Aim: an adder Attack!
You feel sick. The goblin closely misses you. The adder bites you.
Your cerulean imp barely misses the adder.
Unknown command.
You barely miss the adder.
You feel very sick. The adder completely misses you.
The goblin hits you but does no damage.
Your cerulean imp closely misses the adder.
The adder bites you.
You are more poisoned.
The adder poisons you! The goblin hits you but does no damage.
You closely miss the goblin.
The goblin is heavily wounded.
You feel very sick. The adder bites you.
* * * LOW HITPOINT WARNING * * *
Your cerulean imp closely misses the adder.
The goblin hits you with a +0 club.
* * * LOW HITPOINT WARNING * * *
The adder bites you but does no damage.
Your cerulean imp hits the adder with a -4 spear.
It was a potion of brilliance.
You feel clever all of a sudden.
* * * LOW HITPOINT WARNING * * *
You feel sick. The adder barely misses you. The goblin barely misses you.
Your cerulean imp misses the adder.
Your magical contamination has completely faded away.
It was a potion of mutation.
You feel extremely strange.
You feel less in control of your magic.
Your thoughts seem clearer.
* * * LOW HITPOINT WARNING * * *
You feel sick. The adder bites you.
* * * LOW HITPOINT WARNING * * *
The goblin barely misses you.
Your cerulean imp misses the adder.
The adder bites you but does no damage.
You puncture the goblin!
You kill the goblin!
You die...

###.###<#####....###.#
.........####.)..###.#
.................'...#
.##.....#........##..#
........#........##..######
'####........######........
.##....5...# #........
..........S### #...#####
.........)@# #...#
....................(.#
.............#####.....
.......!....... +.....#
.............### #.....#
###?.........# #.....#
#..........# ##.#...
....####..#


You could see an adder (ally target) and a friendly cerulean imp (summoned).

Vanquished Creatures
  A ball python (D:1)
  A bat (D:1)
  5 endoplasms
  A giant cockroach (D:1)
  3 goblins
  A hobgoblin (D:1)
  A frilled lizard (D:1)
  7 kobolds (D:1)
  2 rats (D:1)
22 creatures vanquished.

Vanquished Creatures (collateral kills)
  An endoplasm (D:1)
  A ball python (D:2)
  A frilled lizard (D:1)
3 creatures vanquished.

Grand Total: 25 creatures vanquished

Notes
Turn   | Place    | Note
-------+----------+-------------------------------------------
     0 | D:1      | dracfodder the Ogre Hedge Wizard began the quest for the
                  | Orb.
     0 | D:1      | Reached XP level 1. HP: 16/16 MP: 5/5
   328 | D:1      | Reached XP level 2. HP: 24/24 MP: 4/6
   360 | D:1      | Reached skill level 4 in Spellcasting
   444 | D:1      | Learned a level 1 spell: Slow
   447 | D:1      | Learned a level 2 spell: Call Imp
   450 | D:1      | Learned a level 2 spell: Blink
   453 | D:1      | Learned a level 2 spell: Cigotuvi's Dreadful Rot
   744 | D:1      | Reached skill level 1 in Conjurations
  1257 | D:2      | Reached XP level 3. HP: 29/29 MP: 4/8
  1306 | D:2      | Reached skill level 1 in Translocations
  1391 | D:2      | Gained mutation: Your spells are a little harder to cast,
                  | but a little more powerful. [potion of mutation]
  1391 | D:2      | Gained mutation: You possess an exceptional clarity of
                  | mind. [potion of mutation]
  1392 | D:2      | Succumbed to an adder's poison

Illustrated notes

Levels and vault maps discovered:
D:1:      minmay_arrival_loop, layout_basic
D:2:      layout_basic, hellmonk_ecumenical_altar_zigzags, serial_shops, shop,
          uniq_terence

Skill      XL: |  1  2  3 |
---------------+----------+-----
Dodging        | 2 |  2.1
Spellcasting   | 4 |  4.4
Conjurations   | 1 |  1.0
Translocations | 1 |  1.0
Polearms       | |  0.2
Stealth        | |  1.4
Summonings     | |  0.8
Air Magic      | |  0.2

Action                     || total
---------------------------++-------
  Melee: Short sword       ||     1
         Halberd           ||    18
   Cast: Magic Dart        ||    36
         Slow              ||    10
         Call Imp          ||     5
         Cigotuvi's Dreadf ||     1
    Use: Potion            ||     2
 Armour: Robe              ||     9
  Dodge: Dodged            ||    15

Table legend: (Time is in decaauts)
 A = Elapsed time spent in this place.
 B = Non-inter-level travel time spent in this place.
 C = Inter-level travel time spent in this place.
 D = Time resting spent in this place.
 E = Time spent auto-exploring this place.
 F = Levels seen in this place.
 G = Mean time per level.
                   A        B        C        D        E       F      G
               +--------+--------+--------+--------+--------+-----+--------+
         Total |   1399 |   1372 |     27 |    370 |    766 |   2 |  699.5 |
       Dungeon |   1399 |   1372 |     27 |    370 |    766 |   2 |  699.5 |
               +--------+--------+--------+--------+--------+-----+--------+

Top non-repeatable levels by time:
     D:1: 1229 daAuts
     D:2: 170 daAuts
